 Dungeon Crawl Stone Soup version 0.20.1-1-g8b1a95d (webtiles) character file.

31 Phantomfrettchen the Skirmisher (level 3, 0/29 HPs)
             Began as a Demonspawn Chaos Knight on Oct 2, 2017.
             Succumbed to an adder's poison
             ... on level 2 of the Dungeon.
             The game lasted 00:02:51 (728 turns).

Phantomfrettchen the Skirmisher (DsCK)               Turns: 728, Time: 00:02:52

Health: 0/29       AC:  5    Str: 12    XL:     3   Next: 7%
Magic:  3/3        EV: 12    Int: 13    God:    Xom [..*...]
Gold:   27         SH:  0    Dex: 13    Spells: 2/2 levels left

rFire    . . .     SeeInvis .   d - +0 dagger (vamp)
rCold    . . .     Gourm    .   (no shield)
rNeg     . . .     Faith    .   a - +2 leather armour
rPois    .         Spirit   .   (helmet restricted)
rElec    .         Reflect  .   (no cloak)
rCorr    .         Harm     .   (no gloves)
MR       .....                  (no boots)
Stlth    +.........             (no amulet)
Regen    0.1/turn               (no ring)
MPRegen  0.1/turn               (no ring)

@: lethally poisoned (0 -> -10)
A: antennae 1, powered by pain 1
a: Renounce Religion


You were on level 2 of the Dungeon.
You worshipped Xom.
You were a toy of Xom.
You were not hungry.

You visited 1 branch of the dungeon, and saw 2 of its levels.

You collected 27 gold pieces.

Inventory:

Hand Weapons
 d - a +0 vampiric dagger (weapon)
Missiles
 c - 18 stones (quivered)
Armour
 a - a +2 leather armour (worn)
Scrolls
 b - a scroll of recharging {unknown}
 e - a scroll of fear {unknown}
Comestibles
 f - a meat ration


   Skills:
 - Level 3.1 Fighting
 * Level 0.8 Short Blades
 - Level 2.0 Armour
 + Level 1.7 Dodging
 + Level 2.9 Unarmed Combat


You had 2 spell levels left.
You didn't know any spells.

Dungeon Overview and Level Annotations

Branches:
Dungeon (2/15)

Altars:


Innate Abilities, Weirdness & Mutations

You have a pair of small antennae on your head.
You sometimes gain a little power by taking damage.


Message History

* * * LOW HITPOINT WARNING * * *
You feel sick. The adder bites you.
* * * LOW HITPOINT WARNING * * *
You are more poisoned.
The adder poisons you!
You aren't carrying any potions.
You hit the adder.
You kill the adder!
You have reached level 3!
Your experience leads to an increase in your attributes!
Increase (S)trength, (I)ntelligence, or (D)exterity?
You feel agile.
Your demonic ancestry asserts itself...
You feel energised by your suffering.
Xom is mildly amused.
* * * LOW HITPOINT WARNING * * *
You feel sick.
* * * LOW HITPOINT WARNING * * *
You feel sick.
You die...
Xom giggles madly!

##....
#..#.#
#..#.# ##
#....# ...
#...### .!#
#.....# ..
#.###.##.#
###.###§§§.#
#.....#@#.##
#<....#§#.#
#.....#§#..
#.....#.###.
#######.. ..
#.. .. ...
... ##..


There were no monsters in sight!

Vanquished Creatures
  An adder (D:2)
  A dart slug (D:1)
  A giant cockroach (D:1)
  4 goblins (D:1)
  4 kobolds (D:1)
  5 bats (D:1)
  4 frilled lizards (D:1)
20 creatures vanquished.

Vanquished Creatures (others)
  A bat (D:1)
1 creature vanquished.

Grand Total: 21 creatures vanquished

Notes
Turn   | Place    | Note
-------+----------+-------------------------------------------
     0 | D:1      | Phantomfrettchen the Demonspawn Chaos Knight began the quest for the Orb.
     0 | D:1      | Reached XP level 1. HP: 18/18 MP: 1/1
     8 | D:1      | XOM: harmless Pois miscast
    40 | D:1      | XOM: divination: detect creatures
    47 | D:1      | XOM: harmless Fire miscast
    73 | D:1      | Reached skill level 1 in Dodging
   206 | D:1      | Gained mutation: You have a pair of small antennae on your head. [demonic ancestry]
   206 | D:1      | Reached XP level 2. HP: 24/24 MP: 2/2
   364 | D:1      | XOM: silly message
   429 | D:1      | XOM: cast spell 'Olgreb's Toxic Radiance'
   711 | D:2      | XOM: harmless Air miscast
   719 | D:2      | XOM: smoke on damage
   726 | D:2      | Gained mutation: You sometimes gain a little power by taking damage. [demonic ancestry]
   726 | D:2      | Reached XP level 3. HP: 3/29 MP: 3/3
   727 | D:2      | HP: 1/29 [poisoned by an adder]
   728 | D:2      | Succumbed to an adder's poison

Skill      XL: |  1 |
---------------+----+-----
Dodging        | 1 |  1.7
Armour         | 2 |  2.0
Fighting       | |  3.1
Short Blades   | |  0.8
Unarmed Combat | |  2.9

Action                   || total
-------------------------++-------
Melee: Unarmed           ||    35
       Dagger            ||    93
  Eat: Bread ration      ||     1
Armor: Leather armour    ||   116
Dodge: Dodged            ||   151
